 Dungeon Crawl Stone Soup version 0.22.1-1-ga44c0e5 (webtiles) character file.

164721 Monsterracer the Thaumaturge (level 17, -1/85 HPs)
             Began as a Spriggan Ice Elementalist on Oct 20, 2018.
             Was the Champion of Yredelemnul.
             Shot with a bolt by Vashnia (21 damage)
             ... on level 4 of the Snake Pit on Oct 21, 2018.
             The game lasted 02:50:18 (53791 turns).

Monsterracer the Thaumaturge (SpIE)                Turns: 53791, Time: 02:50:19

Health: -1/85      AC:  7    Str:  8    XL:     17   Next: 1%
Magic:  31/45      EV: 30    Int: 23    God:    Yredelemnul [******]
Gold:   609        SH:  0    Dex: 17    Spells: 7/45 levels left

rFire    + . .     SeeInvis +   b - +7 lajatang "Death Rattle" {drain, rElec Str+4}
rCold    x . .     Gourm    .   (shield currently unavailable)
rNeg     . . .     Faith    .   g - +2 robe {MR+}
rPois    +         Spirit   .   (helmet restricted)
rElec    +         Reflect  .   O - +2 cloak {rPois}
rCorr    .         Harm     .   (gloves unavailable)
MR       +++..                  (boots unavailable)
Stlth    ++++++++..             J - amulet of the acrobat
HPRegen  0.24/turn              d - ring of magical power
MPRegen  0.29/turn              W - ring of fire

@: wreathed by umbra, very quick
A: very small, unfitting armour, see invisible, herbivore, speed 3, slow
metabolism 2
}: 1/15 runes: decaying
a: Recall Undead Slaves, Injury Mirror, Animate Dead, Drain Life, Enslave Soul,
Renounce Religion


You were on level 4 of the Snake Pit.
You worshipped Yredelemnul.
Yredelemnul was exalted by your worship.
You were hungry.

You visited 5 branches of the dungeon, and saw 31 of its levels.
You also visited: Labyrinth and Sewer.

You collected 3299 gold pieces.
You spent 2690 gold pieces at shops.

Inventory:

Hand Weapons
 b - the +7 lajatang "Death Rattle" (weapon) {drain, rElec Str+4}
   (You bought it in a shop on level 2 of the Orcish Mines)

   A truly terrible weapon, it drains the life of those it strikes.
   It affects your strength (+4).
   It insulates you from electricity.
 z - a +0 halberd
Missiles
 y - 9 throwing nets (quivered)
Armour
 g - a +2 robe of magic resistance (worn)
 E - a scarf of resistance
 O - a +2 cloak of poison resistance (worn)
Magical Staves
 a - an uncursed staff of conjuration {!a}
Jewellery
 d - a ring of magical power (left hand)
 e - an uncursed ring of ice
 r - an uncursed ring of flight
 F - an uncursed ring of resist corrosion
 H - an uncursed ring of wizardry
 J - an amulet of the acrobat (around neck)
 K - an uncursed ring of poison resistance {!d}
 W - a ring of fire (right hand)
Wands
 o - a wand of clouds (16)
 A - a wand of acid (32)
 C - a wand of digging (16)
 D - a wand of disintegration (14)
 L - a wand of enslavement (31)
 T - a wand of iceblast (19)
 V - a wand of paralysis (14)
Scrolls
 i - 17 scrolls of teleportation {!r}
 l - 11 scrolls of remove curse
 s - 7 scrolls of identify
 v - 3 scrolls of amnesia
 x - a scroll of fear {!r}
 M - 3 scrolls of magic mapping {!r}
 P - 3 scrolls of blinking
 X - 4 scrolls of fog
 Z - 2 scrolls of summoning {!r}
Potions
 f - a potion of mutation {!q}
 h - 2 potions of resistance
 j - a potion of agility
 k - 6 potions of flight
 m - 2 potions of berserk rage {!q}
 n - 12 potions of curing
 q - a potion of cancellation
 t - 6 potions of magic
 u - 5 potions of heal wounds
 w - a potion of ambrosia {!q}
 B - 6 potions of haste
 G - 3 potions of invisibility
 I - 3 potions of lignification
 N - 4 potions of brilliance
 U - 2 potions of might
Miscellaneous
 p - a lamp of fire
 Q - a phantom mirror
 S - a lightning rod (4/4)
 Y - a phial of floods
Comestibles
 c - 37 rations


   Skills:
 + Level 8.2 Fighting
   Level 6.0 Short Blades
 - Level 6.0 Staves
 + Level 13.8 Dodging
 - Level 10.0 Stealth
 * Level 14.6 Spellcasting
 + Level 9.0 Conjurations
 - Level 3.2 Hexes
 - Level 3.5 Charms
 * Level 9.0 Summonings
 - Level 3.0 Translocations
 - Level 4.2 Transmutations
 - Level 8.4 Ice Magic
 - Level 3.9 Air Magic
 - Level 10.0 Invocations
 - Level 10.0 Evocations


You had 7 spell levels left.
You knew the following spells:

 Your Spells              Type           Power        Failure   Level  Hunger
a - Irradiate             Conj/Tmut      #####.....   6%          5    ###....
b - Shadow Creatures      Summ           N/A          13%         6    #####..
c - Mephitic Cloud        Conj/Pois/Air  #####...     1%          3    None
d - Throw Icicle          Conj/Ice       ######..     1%          4    None
e - Blink                 Tloc           N/A          1%          2    None
f - Summon Ice Beast      Ice/Summ       ######..     1%          4    None
g - Ozocubu's Armour      Chrm/Ice       #####...     1%          3    None
h - Summon Mana Viper     Hex/Summ       #####...     8%          5    ###....
i - Aura of Abjuration    Summ           ######....   2%          5    ###....
v - Summon Butterflies    Summ           ######..     1%          1    None

Your spell library contained the following spells:

 Spells                   Type           Power        Failure   Level  Hunger
 Beastly Appendage        Tmut           #####.       1%          1    None
 Flame Tongue             Conj/Fire      #####        1%          1    None
 Freeze                   Ice            ####         1%          1    None
 Magic Dart               Conj           ####         1%          1    None
 Shock                    Conj/Air       ####         1%          1    None
 Sting                    Conj/Pois      ####         1%          1    None
 Call Imp                 Summ           ######..     1%          2    None
 Slow                     Hex            ####....     1%          2    None
 Swiftness                Chrm/Air       ####....     1%          2    None
 Throw Flame              Conj/Fire      ######       1%          2    None
 Throw Frost              Conj/Ice       ######       1%          2    None
 Call Canine Familiar     Summ           ######..     1%          3    None
 Conjure Flame            Conj/Fire      ######..     1%          3    None
 Recall                   Summ/Tloc      N/A          1%          3    None
 Static Discharge         Conj/Air       #####...     1%          3    None
 Summon Demon             Summ           ######....   2%          5    ###....
 Spider Form              Tmut/Pois      ####......   4%          3    None
 Inner Flame              Hex/Fire       #####...     5%          3    None
 Sticky Flame             Conj/Fire      ######..     5%          4    None
 Airstrike                Air            ####......   7%          4    None
 Lightning Bolt           Conj/Air       #####.....   7%          5    ###....
 Summon Forest            Summ/Tloc      #####.....   9%          5    ###....
 Fireball                 Conj/Fire      ######....   16%         5    ###....
 Yara's Violent Unravell  Hex/Tmut       ####......   21%         5    ###....
 Summon Hydra             Summ           ######....   58%         7    ######.
 Hydra Form               Tmut           #####.....   67%         6    #####..
 Simulacrum               Ice/Necr       #####.....   67%         6    #####..
 Statue Form              Tmut/Erth      ####.....    92%         6    #####..
 Dragon Form              Tmut           #####.....   99%         7    ######.


Dungeon Overview and Level Annotations

Branches:
Dungeon (15/15)            Temple (0/1) D:5            Lair (6/6) D:9
  Swamp (4/4) Lair:2        Snake (4/4) Lair:2        Slime (0/5) Lair:6
    Orc (2/2) D:12            Elf (0/3) Orc:2        Vaults (0/5) D:13
 Depths (0/5) D:15

Altars:
Ashenzari
Cheibriados
Dithmenos
Fedhas
Gozag
Kikubaaqudgha
Makhleb
Nemelex Xobeh
Okawaru
Sif Muna
Trog
Uskayaw
Vehumet
Yredelemnul
The Shining One
Beogh

Shops:
D:8 [   D:9 %   Orc:2 *[::(   Snake:2 *

Portals:
Trove: D:15 (give 21 scrolls of identify)

Annotations:
D:10 Fannar
D:12 Frances
Snake:1 exclusion: downstairs
Snake:3 3 runed doors, Thomus's ghost, adept MiBe
Snake:4 Vashnia


Innate Abilities, Weirdness & Mutations

You are very small and have problems with some larger weapons.
You are too small for most types of armour.
You have supernaturally acute eyesight. (SInv)
You are a herbivore.
You cover ground extremely quickly.
You need to consume almost no food.


Message History

Your vampire knight flickers and vanishes for a moment.
Your profane servitor hits the anaconda with an enchanted whip.
Your profane servitor draws strength from the anaconda's injuries!
Your profane servitor hits the anaconda with an enchanted whip!
The anaconda dies!
Yredelemnul accepts your kill.
Your bone dragon bites the naga sharpshooter!
Your bone dragon claws the naga sharpshooter but does no damage.
Your bone dragon barely misses the naga sharpshooter.
The naga sharpshooter unwields an uncursed battleaxe.
The naga sharpshooter wields an uncursed shortbow.
The naga sharpshooter gestures wildly while chanting.
The naga sharpshooter magically shoots an arrow.
The arrow hits you.
You regained 26 hp, and now have 58/85 hp.
You now have 37/45 mp.
A naga sharpshooter comes into view. It is wielding a dire flail.
The naga mage hits your bone dragon with a club!
Your profane servitor hits the naga warrior with an enchanted whip!
Your profane servitor draws strength from the naga warrior's injuries!
Your profane servitor hits the naga warrior with an enchanted whip.
The naga sharpshooter unwields an uncursed longbow.
The naga sharpshooter wields an uncursed dire flail.
The naga sharpshooter hits your bone dragon with an uncursed dire flail.
Your profane servitor hits the naga warrior with an enchanted whip.
Your profane servitor draws strength from the naga warrior's injuries!
Your profane servitor hits the naga warrior with an enchanted whip.
Unknown command.
Unknown command.
You draw life from your surroundings.
You draw life from the naga ritualist.
The naga ritualist is moderately wounded.
You draw life from the naga sharpshooter.
The naga sharpshooter is heavily wounded.
You draw life from the naga mage.
The naga mage is moderately wounded.
You draw life from the naga sharpshooter.
The naga sharpshooter is moderately wounded.
You draw life from the naga mage.
The naga mage is heavily wounded.
You draw life from the naga mage.
The naga mage is heavily wounded.
You draw life from the naga warrior.
The naga warrior is heavily wounded.
You draw life from the naga warrior.
The naga warrior is lightly wounded.
You draw life from the naga mage.
The naga mage is moderately wounded.
You draw life from the naga mage.
The naga mage is heavily wounded.
You draw life from the naga.
The naga is almost dead.
You draw life from the naga.
The naga is almost dead.
You draw life from Vashnia.
Vashnia is lightly wounded.
You draw life from the naga sharpshooter.
The naga sharpshooter is lightly wounded.
You draw life from the naga sharpshooter.
The naga sharpshooter is moderately wounded.
You draw life from the naga sharpshooter.
The naga sharpshooter is moderately wounded.
You draw life from the naga sharpshooter.
The naga sharpshooter is moderately wounded.
You feel life flooding into your body.
You are feeling hungry.
The naga mage barely misses your bone dragon.
Your profane servitor hits the naga warrior with an enchanted whip!!
Your profane servitor draws strength from the naga warrior's injuries!
Your profane servitor hits the naga warrior with an enchanted whip.
The naga sharpshooter mumbles some strange words.
The naga sharpshooter magically shoots an arrow.
The arrow hits you!
Your vampire knight blinks!
Your bone dragon bites the naga mage!!
The naga mage dies!
Yredelemnul accepts your kill.
Your Summonings skill increases to level 9!
The naga sharpshooter casts a spell.
The naga sharpshooter magically shoots a bolt.
The bolt hits you!!
* * * LOW HITPOINT WARNING * * *
Your profane servitor hits the naga warrior with an enchanted whip!
Your profane servitor draws strength from the naga warrior's injuries!
Your profane servitor hits the naga warrior with an enchanted whip.
Your ghoul barely misses the naga warrior. x2
The naga warrior hits you from afar with a glaive!
* * * LOW HITPOINT WARNING * * *
The naga sharpshooter casts a spell.
The naga sharpshooter magically shoots an arrow.
The arrow hits you!
* * * LOW HITPOINT WARNING * * *
A naga mage comes into view. It is wielding a spear.
Vashnia unwields an uncursed glaive of protection.
Vashnia wields an uncursed runed arbalest.
It is covered in frost.
Vashnia mumbles some strange words.
Vashnia magically shoots a bolt.
The bolt hits you!!
You die...
Your body rises from the dead as a mindless zombie.

....... ...## .......
............#
#....................##
........#.............##
#......................#
#.....................##
................#..)..N#.
............#...@ADNNN.N.
.....#..).#....§VnN#N...
....)n.#))....(V.#ANN....
...#))##)...⌠..n#..NN....
.....())[#.......V##.N...
.....#))[))........##NN..
#.. .....#)))(#)....#..#
NN.# #..
.....#...(.........# N.#
.. # #....#.............#
## #.##.


You could see Vashnia, 2 naga warriors, 6 naga sharpshooters, a naga ritualist,
5 naga magi, 2 nagas, a friendly bone dragon, 2 friendly profane servitors, 2
friendly ghouls and 3 friendly vampire knights.

Vanquished Creatures
  An orc warlord (Orc:2)
  A naga warrior (Snake:4)
  A ghost crab (Swamp:3)
  4 centaur warriors
  10 hydras
  A catoblepas (Lair:6)
  12 alligators
  2 anacondas
  An ogre mage (D:13)
  5 two-headed ogres
  A deep troll shaman (Lair:6)
  2 death yaks
  An orc high priest (Orc:1)
  2 naga sharpshooters
  3 spriggans
  2 shock serpents
  An unseen horror (D:15)
  A swamp dragon (Swamp:4)
  2 naga ritualists
  2 orc knights (Orc:2)
  A spriggan druid (Swamp:3)
  A lindwurm (Lair:6)
  A shambling mangrove (Swamp:4)
  A deep elf archer (D:13)
  A mana viper (shapeshifter) (D:15)
  7 deep elf magi
  An orc sorcerer (Orc:2)
  5 mana vipers
  A salamander (Snake:3)
  An oklob plant (Lair:3)
  6 elephants
  A cyclops (D:12)
  5 slime creatures (D:14)
  2 ugly things
  14 spiny frogs
  Psyche (D:8)
  8 naga magi
  15 black mambas
  A centaur skeleton (D:15)
  3 rime drakes
  3 kobold demonologists (D:13)
  A gargoyle (D:13)
  An efreet (D:14)
  A tengu conjurer (D:15)
  2 trolls
  6 hornets
  2 tyrant leeches
  A polar bear (Lair:5)
  8 hippogriffs
  5 dream sheep
  2 bog bodies
  8 blink frogs
  4 shadows
  A wraith (D:15)
  4 wyverns
  2 basilisks (Lair:6)
  26 yaks
  Grum (D:9)
  2 hungry ghosts
  10 vampire mosquitoes
  5 wargs
  An acid dragon (D:12)
  13 swamp worms
  29 nagas
  7 porcupines
  7 water moccasins
  Purgy (Sewer)
  4 swamp drakes
  6 sky beasts
  A hornet zombie (D:14)
  25 orc warriors
  13 ogres
  3 black bears
  A necrophage (D:11)
  13 wolves
  7 centaurs
  8 crocodiles
  7 big kobolds
  19 bullfrogs
  5 scorpions
  A wight (Lair:6)
  3 howler monkeys
  6 jellies
  4 electric eels
  4 crimson imps
  A quasit (D:11)
  2 bullfrog zombies
  A bullfrog skeleton (D:4)
  4 hounds
  13 orc wizards
  14 orc priests
  A gnoll shaman (D:6)
  3 iguanas
  2 worker ants
  A hound zombie (D:11)
  5 gnolls (D:6)
  10 river rats
  16 adders
  A shadow imp (D:11)
  2 white imps
  4 oozes
  2 adder skeletons
  A worm (D:4)
  2 dart slugs
  6 leopard geckos
  61 orcs
  3 ball pythons
  2 bat zombies (D:4)
  5 giant cockroaches
  16 goblins
  8 hobgoblins
  16 jackals
  16 kobolds
  2 quokkas
  10 bats
  5 frilled lizards
  A giant cockroach zombie (D:5)
  A jackal skeleton (D:5)
  A leopard gecko skeleton (D:4)
  25 rats
  2 rat zombies (D:4)
679 creatures vanquished.

Vanquished Creatures (collateral kills)
  Asterion (Snake:2)
  The ghost of ThePrince the Scorcher, an adept GrEE of Vehumet (Snake:4)
  Roxanne (Snake:2)
  A fire giant (D:15)
  9 nagarajas
  Snorg (D:12)
  Harold (D:7)
  A ghost crab (Swamp:2)
  8 hydras
  8 naga warriors
  6 anacondas
  5 alligators
  A two-headed ogre (D:15)
  5 death yaks
  3 shock serpents
  An orc high priest (Orc:2)
  Nergalle (D:12)
  10 naga sharpshooters
  An unseen horror (D:14)
  3 salamander mystics (Snake:4)
  8 swamp dragons
  A spriggan druid (Swamp:2)
  4 naga ritualists
  3 shambling mangroves
  An orc knight (Orc:2)
  3 mana vipers
  An orc sorcerer (Orc:2)
  A cyclops (D:11)
  3 ugly things (D:14)
  2 salamanders
  4 centaur zombies
  7 elephants
  16 black mambas
  12 naga magi
  10 spiny frogs
  A rime drake (Lair:6)
  A freezing wraith (D:14)
  A kobold demonologist (D:14)
  2 komodo dragons
  A tengu conjurer (D:14)
  A troll (Orc:2)
  4 bog bodies
  2 tyrant leeches
  6 hornets
  11 blink frogs
  3 slime creatures (D:14)
  3 hippogriffs
  2 spriggans
  2 vampires
  20 yaks
  A basilisk (Lair:3)
  2 hungry ghosts (D:7)
  11 vampire mosquitoes
  5 swamp worms
  19 nagas
  5 water moccasins
  3 porcupines
  A black bear (D:7)
  3 orc warriors (Orc:2)
  2 phantoms
  2 swamp drakes
  2 ice beasts
  An ogre (Orc:2)
  A centaur (D:11)
  A wolf (shapeshifter) (D:13)
  A wolf (Lair:5)
  6 crocodiles
  3 big kobolds
  5 bullfrogs
  2 wyvern skeletons
  3 wights (D:8)
  A bullfrog zombie (D:6)
  A jelly (Lair:6)
  3 centaur skeletons
  2 hounds (D:9)
  4 orc wizards
  An orc priest (Orc:2)
  A bullfrog skeleton (D:9)
  2 worker ants
  2 worker ant zombies (D:8)
  A shadow imp (D:13)
  10 white imps
  An adder zombie (D:9)
  19 orcs
  2 jackals
  4 kobolds
  10 fungi
347 creatures vanquished.

Vanquished Creatures (others)
  A ghoul (D:14)
  2 vampire knights
  A tengu warrior (D:14)
  2 skeletal warriors
  2 flayed ghosts
  4 phantasmal warriors
  4 flying skulls
  3 vampires
  A wraith (Lair:6)
  A bullfrog (D:14)
  2 wights
  2 mummies
  5 rat skeletons (D:4)
  A river rat skeleton (D:4)
  20 fungi
  6 plants
57 creatures vanquished.

Grand Total: 1083 creatures vanquished

Notes
Turn   | Place    | Note
-------+----------+-------------------------------------------
     0 | D:1      | Monsterracer the Spriggan Ice Elementalist began the quest
                  | for the Orb.
     0 | D:1      | Reached XP level 1. HP: 9/9 MP: 5/5
   134 | D:1      | Reached skill level 3 in Spellcasting
   267 | D:1      | Reached XP level 2. HP: 9/13 MP: 2/7
   271 | D:1      | Learned a level 2 spell: Throw Frost
   814 | D:1      | HP: 6/13 [goblin/enchanted dagger (3)]
   864 | D:1      | HP: 6/13 [jackal (2)]
  1035 | D:1      | Reached XP level 3. HP: 16/16 MP: 9/9
  1048 | D:1      | Learned a level 3 spell: Ozocubu's Armour
  1765 | D:2      | Reached skill level 4 in Spellcasting
  2394 | D:3      | Reached XP level 4. HP: 21/21 MP: 11/11
  2400 | D:3      | Learned a level 4 spell: Throw Icicle
  2490 | D:3      | Found a faded altar of an unknown god.
  2505 | D:3      | Became a worshipper of Yredelemnul the Dark
  2505 | D:3      | Reached * piety under Yredelemnul
  2621 | D:3      | Paralysed by a hobgoblin for 7 turns
  2635 | D:3      | Found a snail-covered altar of Cheibriados.
  2884 | D:3      | Reached skill level 1 in Conjurations
  2884 | D:3      | Reached XP level 5. HP: 24/24 MP: 13/13
  3040 | D:3      | Found a basalt altar of Yredelemnul.
  3248 | D:3      | Found a burning altar of Makhleb.
  3253 | D:3      | Reached ** piety under Yredelemnul
  3253 | D:3      | Reached skill level 5 in Spellcasting
  3529 | D:4      | Found an ancient bone altar of Kikubaaqudgha.
  3563 | D:4      | Reached XP level 6. HP: 28/28 MP: 15/15
  3572 | D:4      | Learned a level 4 spell: Summon Ice Beast
  3985 | D:4      | HP: 11/28 [river rat (6)]
  4003 | D:4      | Reached *** piety under Yredelemnul
  4005 | D:4      | Reached skill level 6 in Spellcasting
  4442 | D:4      | HP: 14/28 [phantom (3)]
  4473 | D:4      | HP: 10/28 [phantom (6)]
  4490 | D:4      | Reached XP level 7. HP: 11/32 MP: 5/17
  4781 | D:5      | Entered Level 5 of the Dungeon
  4805 | D:5      | Found a staircase to the Ecumenical Temple.
  5264 | D:5      | Reached skill level 1 in Short Blades
  5663 | D:5      | Found a blossoming altar of Fedhas.
  5705 | D:5      | Reached skill level 5 in Ice Magic
  5862 | D:5      | Found a glowing golden altar of the Shining One.
  5989 | D:6      | Reached skill level 7 in Spellcasting
  6140 | D:6      | Found a glowing drain.
  6168 | D:6      | Reached skill level 5 in Dodging
  6168 | D:6      | Reached XP level 8. HP: 33/36 MP: 14/19
  6271 | D:6      | HP: 18/36 [jackal (2)]
  6280 | D:6      | HP: 15/36 [jackal (3)]
  6448 | D:6      | HP: 15/36 [gnoll/spear (4)]
  6559 | Sewer    | Entered a sewer
  6594 | Sewer    | Noticed Purgy
  6607 | Sewer    | Killed Purgy
  7527 | D:7      | Noticed Harold
  7527 | D:7      | Reached skill level 1 in Evocations
  7618 | D:7      | HP: 17/36 [ice beast collision (4)]
  7789 | D:7      | Noticed a hippogriff
  7794 | D:7      | Killed a hippogriff
  7851 | D:7      | Reached skill level 5 in Stealth
  7913 | D:7      | Found a shadowy altar of Dithmenos.
  8135 | D:7      | Learned a level 2 spell: Blink
  8428 | D:7      | Reached skill level 1 in Summonings
  8434 | D:7      | Reached XP level 9. HP: 39/39 MP: 21/21
  8463 | D:7      | Reached **** piety under Yredelemnul
  8762 | D:7      | HP: 19/39 [Harold/scimitar (16)]
  8774 | D:7      | Killed Harold
  8774 | D:7      | Reached skill level 8 in Spellcasting
  8810 | D:7      | HP: 16/39 [orc priest/nerve-wracking pain (8)]
  9045 | D:8      | Noticed Psyche
  9089 | D:8      | Found Edal's Antique Armour Emporium.
  9097 | D:8      | Bought a glowing robe for 81 gold pieces
  9109 | D:8      | Bought a glowing robe for 81 gold pieces
  9129 | D:8      | Learned a level 2 spell: Swiftness
  9216 | D:8      | Reached skill level 1 in Charms
  9304 | D:8      | Received a gift from Yredelemnul (2 flying skulls)
  9469 | D:8      | Killed Psyche
  9613 | D:8      | Learned a level 3 spell: Mephitic Cloud
  9863 | D:8      | Found a radiant altar of Vehumet.
  9977 | D:9      | Found a sparkling altar of Nemelex Xobeh.
 10147 | D:9      | Noticed an enchanted hand axe
 10148 | D:9      | Noticed a hand axe
 10149 | D:9      | Found a hide-covered altar of Uskayaw.
 10152 | D:9      | Found an iron altar of Okawaru.
 10163 | D:9      | Reached skill level 1 in Air Magic
 10163 | D:9      | Reached XP level 10. HP: 44/44 MP: 23/23
 10279 | D:9      | Found a burning altar of Makhleb.
 10292 | D:9      | You fall through a shaft!
 10292 | D:10     | Entered Level 10 of the Dungeon
 10558 | D:9      | Found Teeroefoh's Food Boutique.
 10603 | D:9      | Received a gift from Yredelemnul (a mummy)
 10709 | D:9      | Found a staircase to the Lair.
 10854 | D:9      | Reached skill level 1 in Invocations
 10889 | D:9      | Lost strength.
 10914 | D:9      | Found a deep blue altar of Sif Muna.
 10920 | D:9      | Noticed Grum
 10933 | D:9      | Killed Grum
 11117 | D:9      | Identified Sif Muna's Handbook of Attacks
 11266 | Lair:1   | Entered Level 1 of the Lair of Beasts
 11292 | Lair:1   | Noticed a spiny frog
 11295 | Lair:1   | Received a gift from Yredelemnul (a mummy)
 11301 | Lair:1   | Killed a spiny frog
 11824 | Lair:1   | Noticed a spiny frog
 11829 | Lair:1   | Killed a spiny frog
 12191 | Lair:2   | Reached skill level 1 in Fighting
 12235 | Lair:2   | Reached skill level 5 in Evocations
 12473 | Lair:2   | Found a staircase to the Snake Pit.
 12585 | Lair:2   | Reached skill level 9 in Spellcasting
 12586 | Lair:2   | Received a gift from Yredelemnul (a wraith)
 12607 | Lair:2   | Noticed a black mamba
 12616 | Lair:2   | Killed a black mamba
 13066 | Lair:2   | Found a staircase to the Swamp.
 13332 | Lair:2   | Reached XP level 11. HP: 50/50 MP: 25/25
 13764 | Lair:2   | HP: 22/50 [hippogriff (6)]
 14043 | Lair:3   | HP: 25/50 [black mamba (5)]
 14048 | Lair:3   | HP: 24/50 [black mamba (1)]
 14424 | Lair:3   | Noticed a five-headed hydra
 14430 | Lair:3   | Killed a five-headed hydra
 14523 | Lair:3   | Reached skill level 10 in Spellcasting
 14534 | Lair:3   | HP: 22/51 [porcupine's spines (11)]
 14535 | Lair:3   | Received a gift from Yredelemnul (2 flying skulls)
 14555 | Lair:3   | HP: 13/51 [spiny frog (12)]
 14808 | Lair:3   | Learned a level 1 spell: Summon Butterflies
 14814 | Lair:3   | Learned a level 5 spell: Summon Mana Viper
 14980 | Lair:3   | Found a bloodstained altar of Trog.
 14980 | Lair:3   | Noticed an oklob plant
 14984 | Lair:3   | Killed an oklob plant
 15333 | Lair:4   | Reached skill level 5 in Short Blades
 15798 | Lair:4   | Reached ***** piety under Yredelemnul
 15810 | Lair:4   | Reached XP level 12. HP: 38/56 MP: 18/27
 16750 | Lair:5   | Received a gift from Yredelemnul (a wight)
 16793 | Lair:5   | Reached skill level 11 in Spellcasting
 16933 | Lair:5   | Noticed a four-headed hydra
 16965 | Lair:5   | Reached skill level 5 in Conjurations
 16976 | Lair:5   | Found a labyrinth entrance.
 17080 | Lab      | Entered a labyrinth
 17562 | Lab      | Noticed a minotaur
 17588 | Lab      | HP: 14/56 [minotaur/javelin of returning (26)]
 17868 | Lab      | HP: 15/56 [minotaur/javelin of returning (28)]
 18242 | Lab      | HP: 11/56 [minotaur/javelin of returning (27)]
 18545 | Lair:5   | Killed a four-headed hydra
 18699 | Lair:5   | Received a gift from Yredelemnul (a wight)
 19047 | Lair:5   | Noticed a four-headed hydra
 19057 | Lair:5   | Killed a four-headed hydra
 19057 | Lair:5   | Reached skill level 10 in Dodging
 19412 | Lair:5   | Reached skill level 5 in Invocations
 19688 | Lair:6   | Entered Level 6 of the Lair of Beasts
 19864 | Lair:6   | Received a gift from Yredelemnul (a wight)
 20116 | Lair:6   | HP: 17/58 [yak (17)]
 20425 | Lair:6   | Noticed a death yak
 20425 | Lair:6   | Noticed a death yak
 20447 | Lair:6   | Noticed a death yak
 20474 | Lair:5   | Killed a death yak
 20593 | Lair:6   | Found a staircase to the Slime Pits.
 20601 | Lair:6   | Noticed a seven-headed hydra
 20617 | Lair:5   | Reached skill level 12 in Spellcasting
 20645 | Lair:5   | Received a gift from Yredelemnul (a phantasmal warrior)
 20812 | Lair:5   | Killed a death yak
 20829 | Lair:6   | HP: 25/58 [yak (14)]
 20864 | Lair:5   | HP: 19/58 [yak (11)]
 21199 | Lair:6   | Killed a death yak
 21246 | Lair:6   | Received a gift from Yredelemnul (a phantasmal warrior)
 21454 | Lair:6   | HP: 17/58 [seven-headed hydra (14)]
 21457 | Lair:6   | Killed a seven-headed hydra
 21495 | Lair:6   | HP: 17/58 [blink frog (7)]
 21498 | Lair:6   | Reached XP level 13. HP: 18/63 MP: 10/30
 21584 | Lair:6   | HP: 22/63 [elephant (13)]
 21586 | Lair:6   | Reached skill level 10 in Stealth
 22830 | Lair:6   | Reached skill level 5 in Fighting
 23542 | Lair:6   | HP: 28/63 [death yak (16)]
 23572 | Lair:6   | HP: 28/63 [death yak (5)]
 23578 | Lair:6   | HP: 28/63 [acid (1)]
 24042 | Lair:6   | Found the +10 morningstar "Eos" {elec, Halo rElec}
 24661 | D:10     | Found an ancient bone altar of Kikubaaqudgha.
 24863 | D:10     | Noticed Fannar
 25185 | D:10     | HP: 21/63 [Fannar/Ozocubu's Refrigeration (14)]
 25193 | D:10     | HP: 14/63 [Fannar/Ozocubu's Refrigeration (8)]
 27548 | D:12     | Noticed Snorg
 27627 | D:12     | Found a staircase to the Orcish Mines.
 27645 | D:12     | Noticed Frances
 28394 | D:12     | Received a gift from Yredelemnul (a vampire)
 28721 | D:12     | Killed Snorg
 29137 | Orc:1    | Entered Level 1 of the Orcish Mines
 29330 | Orc:1    | Noticed Nergalle
 29548 | Orc:1    | Reached ****** piety under Yredelemnul
 29969 | D:12     | Killed Nergalle
 30090 | Orc:1    | Received a gift from Yredelemnul (a skeletal warrior)
 30382 | Orc:1    | Found a roughly hewn altar of Beogh.
 30679 | Orc:2    | Entered Level 2 of the Orcish Mines
 31277 | Orc:2    | Reached XP level 14. HP: 52/69 MP: 1/31
 31877 | Orc:2    | Found Vitzimeh's Book Emporium.
 32010 | Orc:2    | HP: 28/69 [orc warrior/glaive (20)]
 32444 | Orc:2    | Found Bopsiq Weep's Book Boutique.
 32474 | Orc:2    | Found Ockaxywk's Antique Weapon Shoppe.
 32482 | Orc:2    | Bought a jewelled lajatang for 580 gold pieces
 32482 | Orc:2    | Identified the +7 lajatang "Death Rattle" {drain, rElec
                  | Str+4} (You bought it in a shop on level 2 of the Orcish
                  | Mines)
 32534 | Orc:2    | Found Ypito's Antique Armour Shoppe.
 32551 | Orc:2    | Found a staircase to the Elven Halls.
 32578 | Orc:2    | Found Ekiejar's General Store.
 32604 | Orc:2    | Received a gift from Yredelemnul (a skeletal warrior)
 32769 | Orc:2    | Reached skill level 1 in Staves
 32828 | Orc:2    | Bought a scroll of enchant weapon for 97 gold pieces
 32828 | Orc:2    | Bought a scroll of summoning for 123 gold pieces
 32974 | Orc:2    | Noticed an orc warlord
 32999 | Orc:2    | Killed an orc warlord
 34458 | D:13     | Identified the cursed +0 pair of gloves "Siohyosi" {Dex+3}
                  | (You found it on level 13 of the Dungeon)
 34575 | D:13     | Received a gift from Yredelemnul (a flayed ghost)
 35150 | D:13     | Found a gate to the Vaults.
 35153 | D:13     | Received a gift from Yredelemnul (a phantasmal warrior)
 35656 | D:13     | Found a sparkling altar of Nemelex Xobeh.
 35813 | D:14     | HP: 12/69 [large slime creature (31)]
 36445 | D:14     | Received a gift from Yredelemnul (a ghoul)
 37148 | D:14     | Received a gift from Yredelemnul (a vampire knight)
 38409 | D:15     | Entered Level 15 of the Dungeon
 38528 | D:15     | Reached skill level 10 in Invocations
 38830 | D:15     | Found a portal to a secret trove of treasure.
 38889 | D:15     | Noticed a fire giant
 38891 | D:15     | Received a gift from Yredelemnul (a flayed ghost)
 38903 | D:15     | Killed a fire giant
 38921 | D:15     | Reached skill level 10 in Evocations
 39175 | D:15     | Found a staircase to the Depths.
 39424 | D:15     | Found an opulent altar of Gozag.
 39853 | Swamp:1  | Entered Level 1 of the Swamp
 39870 | Swamp:1  | HP: 33/69 [swamp worm (16)]
 40033 | Orc:2    | Bought Sif Muna's Guide on Transmigration and Cold for 696
                  | gold pieces
 40039 | Orc:2    | Learned a level 5 spell: Irradiate
 40039 | Orc:2    | Bought a book of Summonings for 840 gold pieces
 40451 | Swamp:1  | Reached XP level 15. HP: 73/73 MP: 26/32
 40747 | Swamp:1  | Learned a level 6 spell: Shadow Creatures
 40753 | Swamp:1  | Learned a level 5 spell: Aura of Abjuration
 40772 | Swamp:1  | Received a gift from Yredelemnul (a vampire knight)
 41580 | Swamp:2  | Received a gift from Yredelemnul (a vampire)
 42206 | Swamp:2  | Reached skill level 5 in Summonings
 43530 | Swamp:3  | HP: 28/73 [spriggan rider/spear (20)]
 43578 | Swamp:3  | HP: 15/73 [swamp worm[a spriggan druid] (13)]
 44376 | Swamp:4  | Entered Level 4 of the Swamp
 44771 | Swamp:4  | Received a gift from Yredelemnul (a phantasmal warrior)
 44808 | Swamp:4  | Reached skill level 13 in Spellcasting
 44906 | Swamp:4  | Reached skill level 1 in Hexes
 45719 | Swamp:4  | Received a gift from Yredelemnul (a profane servitor)
 46220 | Swamp:4  | Got a decaying rune of Zot
 46399 | Swamp:4  | Received a gift from Yredelemnul (a ghoul)
 46659 | Snake:1  | Entered Level 1 of the Snake Pit
 47113 | Snake:1  | Reached XP level 16. HP: 79/79 MP: 34/34
 47265 | Snake:1  | Received a gift from Yredelemnul (a profane servitor)
 48047 | Snake:1  | HP: 32/79 [naga sharpshooter/bolt (12)]
 48053 | Snake:1  | HP: 31/79 [poisoned by a naga sharpshooter (splash of
                  | poison)]
 48061 | Snake:1  | HP: 31/79 [poisoned by a naga sharpshooter (splash of
                  | poison)]
 48466 | Snake:1  | Received a gift from Yredelemnul (a bone dragon)
 48689 | Snake:2  | Noticed Roxanne
 48757 | Snake:2  | HP: 37/79 [naga sharpshooter/arrow (14)]
 49322 | Snake:2  | Reached skill level 14 in Spellcasting
 49501 | Snake:2  | Received a gift from Yredelemnul (a vampire)
 49712 | Snake:2  | Noticed Asterion
 49722 | Snake:2  | Killed Asterion
 49869 | Snake:2  | Found Pugake's Assorted Antiques.
 49877 | Snake:2  | Bought a scroll of identify for 64 gold pieces
 49877 | Snake:2  | Bought a short bone wand for 128 gold pieces
 50157 | Snake:2  | Killed Roxanne
 50273 | Snake:3  | Found a runed gate.
 50306 | Snake:3  | Found a runed gate.
 50306 | Snake:3  | Found a runed gate.
 50312 | Snake:3  | Noticed Thomus's ghost (adept MiBe)
 51117 | Snake:3  | Reached skill level 5 in Staves
 51568 | Snake:3  | Received a gift from Yredelemnul (a vampire knight)
 52270 | Snake:4  | Entered Level 4 of the Snake Pit
 52396 | Snake:4  | Found a shattered altar of Ashenzari.
 52570 | Snake:4  | Received a gift from Yredelemnul (a ghoul)
 53176 | Snake:4  | Found a runed gate.
 53182 | Snake:4  | Found a runed gate.
 53183 | Snake:4  | Found a runed gate.
 53186 | Snake:4  | Noticed ThePrince's ghost (adept GrEE)
 53203 | Snake:4  | Killed ThePrince's ghost
 53342 | Snake:4  | Received a gift from Yredelemnul (a vampire knight)
 53644 | Snake:4  | HP: 33/81 [black mamba (8)]
 53652 | Snake:4  | HP: 28/81 [nagaraja/spear (21)]
 53655 | Snake:4  | Received a gift from Yredelemnul (a vampire knight)
 53670 | Snake:4  | Reached XP level 17. HP: 83/85 MP: 18/36
 53786 | Snake:4  | Noticed Vashnia
 53788 | Snake:4  | HP: 32/85 [naga sharpshooter/arrow (15)]
 53791 | Snake:4  | Shot with a bolt by Vashnia

Skill      XL: |  1  2  3  4  5  6  7  8  9 10 11 12 13 14 15 16 17 |
---------------+----------------------------------------------------+-----
Spellcasting   | 3 4 5 6 7 8 9 10 12 13 14 | 14.6
Ice Magic      | 3 4 5 6 7 8 |  8.4
Conjurations   | 1 2 3 4 6 7 8 9 |  9.0
Dodging        | 5 6 7 8 9 10 12 13 | 13.8
Short Blades   | 1 2 4 5 6 |  6.0
Stealth        | 5 6 8 9 10 | 10.0
Evocations     | 2 4 5 6 10 | 10.0
Translocations | 2 3 |  3.0
Summonings     | 1 2 3 7 8 9 |  9.0
Charms         | 3 |  3.5
Air Magic      | 1 2 3 |  3.9
Invocations    | 4 5 7 10 | 10.0
Fighting       | 1 3 4 5 6 8 |  8.2
Staves         | 4 6 |  6.0
Transmutations | 2 4 |  4.2
Hexes          | 3 |  3.2

Action                   |  1- 3 |  4- 6 |  7- 9 | 10-12 | 13-15 | 16-18 || total
-------------------------+-------+-------+-------+-------+-------+-------++-------
Melee: Dagger            |    13 |   102 |   124 |   410 |   187 |       ||   836
       Staff             |       |       |       |     1 |     1 |       ||     2
       Lajatang          |       |       |       |       |   144 |    29 ||   173
 Cast: Freeze            |    73 |    84 |   167 |   216 |   143 |       ||   683
       Ozocubu's Armour  |       |     3 |    12 |    40 |    11 |     2 ||    68
       Throw Frost       |       |     1 |     4 |    33 |    12 |       ||    50
       Summon Ice Beast  |       |       |    13 |    40 |    47 |       ||   100
       Mephitic Cloud    |       |       |       |    21 |    25 |       ||    46
       Blink             |       |       |       |     9 |     2 |       ||    11
       Throw Icicle      |       |       |       |    28 |   755 |   201 ||   984
       Summon Butterflie |       |       |       |       |     7 |       ||     7
       Irradiate         |       |       |       |       |     5 |     2 ||     7
       Aura of Abjuratio |       |       |       |       |       |     1 ||     1
Invok: Recall Undead Sla |       |     1 |     2 |     5 |     9 |     7 ||    24
       Animate Dead      |       |     1 |     1 |       |       |       ||     2
       Drain Life        |       |       |       |     1 |     1 |     5 ||     7
       Stop Recall       |       |       |       |       |       |     1 ||     1
Evoke: Wand              |       |       |     4 |       |       |       ||     4
  Use: Scroll            |       |     9 |    10 |     7 |    14 |       ||    40
       Potion            |       |       |       |     1 |       |       ||     1
 Stab: Sleeping          |     4 |     7 |    12 |    20 |     3 |       ||    46
       Distracted        |       |       |     1 |     9 |     3 |       ||    13
       Confused          |       |       |       |    22 |     3 |       ||    25
       Paralysed         |       |       |       |       |     1 |       ||     1
  Eat: Ration            |       |     1 |     5 |     7 |    13 |     2 ||    28
Armor: Robe              |     5 |    21 |    21 |    52 |    57 |     6 ||   162
Dodge: Dodged            |    56 |   127 |   274 |   662 |   727 |   120 ||  1966

Vault maps used:
D:1:      matt_arrival_diagonals, st_stairs_3, minmay_crystal_room,
          serial_bayou_lake_a
D:3:      lemuel_crystal_altar, makhleb_grotto_becter, cheibriados_altar_1,
          chequers_ecumenical_altar_simple, first_ration, minmay_curled_crystal
D:4:      lemuel_zombie_altar_kikubaaqudgha, dk_rats_in_the_wall
D:5:      fedhas_altar_4, tso_altar, minmay_temple_entry_enclosed_plants
D:6:      portal_sewer_entry_a
D:7:      nicolae_dithmenos_through_a_glass_darkly, uniq_harold
D:8:      lemuel_coloured_pillars_altar, serial_shops, shop_fountains,
          blue_anna_alchemist, uniq_psyche
D:9:      dancing_weapons_uskayaw, okawaru_metal_pillars_3, led_sif_book,
          kennysheep_little_box, serial_shops, shop, makhleb_heckhound_becter,
          uniq_grum
D:10:     basic_altar, uniq_fannar
D:11:     lemuel_ice_spiral_2
D:12:     hiddenorc1_lemuel, serial_column_ruins, column_ruins_circle_small,
          column_ruins_open_medium, column_ruins_grid_1,
          column_ruins_columns_corner, uniq_frances, uniq_snorg
D:13:     hangedman_vaults_entry_quadrant_bands, kennysheep_cross_room,
          nemelex_diamond_rough_becter
D:14:     minmay_misc_feat_five, lemuel_flame_loot_1
D:15:     grunt_enter_depths_giant_problem,
          nicolae_gozag_cash_rules_everything_around_me, enter_trove_6
Lair:1:   grunt_megastairs_5, infiniplex_staircase_pool, serial_bayou_shore_b
Lair:2:   minmay_swamp_entry_eels, minmay_snake_entry_guardpost_medium
Lair:3:   lemuel_oklob_altar
Lair:4:   grunt_megastairs_3
Lair:5:   portal_ice_cave_entry_imps, lab_entry_generic, grunt_megastairs_4,
          infiniplex_staircase_pool_2
Lair:6:   grunt_lair_end_beastmaster, nicolae_slime_entry_slimehenge,
          serial_bayou_shore_b
Swamp:1:  hangedman_swamp_ruin_hall
Swamp:2:  hangedman_swamp_cone, nicolae_swamp_dense_foliage
Swamp:3:  serial_swamp_ruin, evilmike_swamp_ruin_house_2,
          evilmike_swamp_ruin_house_4, evilmike_swamp_ruin_house_1
Swamp:4:  swamp_alternative
Snake:2:  serial_shops, shop, uniq_roxanne, uniq_asterion
Snake:3:  gammafunk_ghost_split
Snake:4:  snake_pit, basic_altar, gammafunk_ghost_split, lemuel_fruit_tree,
          uniq_vashnia
Orc:1:    kennysheep_orc_chapel, uniq_nergalle
Orc:2:    grunt_orc_gardens, grunt_orc_garden, grunt_orc_garden,
          grunt_orc_garden, grunt_orc_garden, serial_shops, shop
Lab:      labyrinth_spiral, labyrinth_skeletal_remains
Sewer:    sewer_big_baddie
